 Dungeon Crawl Stone Soup version 0.30.0-5-g1a98f26d00 (webtiles) character file.

Game seed: 15573357330104369176

105 Woods the Ruffian (level 4, -7/63 HPs)
             Began as a Naga Transmuter on May 11, 2023.
             Mangled by an ice beast (11 damage)
             ... on level 3 of the Dungeon.
             The game lasted 00:05:20 (3090 turns).

Woods the Ruffian (Naga Transmuter)                 Turns: 3090, Time: 00:05:21

Health: -7/63      AC: 26    Str: 13    XL:     4   Next: 83%
Magic:  7/7        EV:  1    Int: 15    God:
Gold:   169        SH:  0    Dex: 11    Spells: 6/7 levels left

rFire   . .          .
                       - Unarmed
rCold   . . .        (no shield)
rNeg    . . .        e - melded +0 scale mail
rPois   +            (helmet currently unavailable)
rElec   .            (cloak currently unavailable)
rCorr   +            n - melded +0 pair of gloves
SInv    +            (no barding)
Will    .....        (no amulet)
Stlth   +            c - ring of resist corrosion
HPRegen 0.30/turn    h - +4 ring of protection
MPRegen 0.10/turn

%: no passive effects
@: tree-form
A: stationary, stasis, torment immunity, boosted hp, AC +1, large, see
invisible, (deformed body), (poison resistance), (slowness 2), spit poison 1,
(naga tail 1)
a: Spit Poison


You were on level 3 of the Dungeon.
You were a tree.
You visited 1 branch of the dungeon, and saw 3 of its levels.

You collected 169 gold pieces.

Inventory:

Armour
 a - a +0 robe
 e - a +0 scale mail (melded)
 k - a +0 plate armour
 n - a +0 pair of gloves (melded)
Jewellery
 c - a ring of resist corrosion (left branch)
 h - a +4 ring of protection (right branch)
Scrolls
 d - a scroll of identify {unknown}
 f - a scroll of summoning {unknown}
 i - a scroll of magic mapping {unknown}
 p - a scroll of teleportation {unknown}
 r - a scroll of silence {unknown}
Potions
 g - 2 potions of curing {unknown}
 j - a potion of attraction {unknown}
 l - 4 potions of degeneration {unknown}
 m - a potion of might {unknown}
 o - a potion of mutation {unknown}
 q - 2 potions of berserk rage {unknown}


   Skills:
 * Level 3.1 Fighting
 - Level 1.5 Dodging
 * Level 4.3 Unarmed Combat
 - Level 2.0 Spellcasting
 - Level 2.0 Transmutations


You had 6 spell levels left.
You knew the following spells:

 Your Spells              Type           Power      Damage    Failure   Level
a - Beastly Appendage     Tmut           14%        N/A       10%         1

Your spell library contained the following spells:

 Spells                   Type           Power      Damage    Failure   Level
 Wereblood                Tmut           7%         N/A       14%         2
 Apportation              Tloc           2%         N/A       22%         1
 Necrotise                Necr           4%         1d4       22%         1
 Summon Small Mammal      Summ           4%         N/A       22%         1
 Spider Form              Tmut/Pois      4%         N/A       41%         3
 Ice Form                 Ice/Tmut       4%         N/A       82%         4


Dungeon Overview and Level Annotations

Branches:
Dungeon (3/15)

Altars:

Annotations:
D:2 1 runed translucent door, Crazy Yiuf


Innate Abilities, Weirdness & Mutations

You are a tree.
Your roots penetrate the ground, keeping you stationary.
You cannot be teleported.
You are immune to unholy pain and torment.
Your maximum health is greatly increased.
Your equipment is partially melded.
((Your serpentine skin is tough. (AC +1)))
You have supernaturally acute eyesight. (SInv)
((Armour fits poorly on your strangely shaped body.))
((Your system is resistant to poisons. (rPois)))
((You cover ground very slowly.))
You can spit poison.
((You have a snake-like lower body.))


Message History

The ice beast is moderately wounded.
The ice beast hits you but does no damage.
You turn into a tree.
Your +0 pair of gloves melds into your body.
Your +0 scale mail melds into your body.
Your roots penetrate the ground.
The ice beast hits you. The ice beast freezes you!
* * * LOW HITPOINT WARNING * * *
You hit the ice beast.
The ice beast is moderately wounded.
The ice beast hits you but does no damage.
You hit the ice beast but do no damage. You punch the ice beast.
The ice beast is heavily wounded.
The ice beast hits you but does no damage.
You hit the ice beast but do no damage. Your punch misses the ice beast.
The ice beast is heavily wounded.
The ice beast hits you but does no damage.
You barely miss the ice beast.
The ice beast is heavily wounded.
The ice beast hits you but does no damage.
You barely miss the ice beast.
The ice beast is heavily wounded.
The ice beast hits you but does no damage.
You barely miss the ice beast.
The ice beast is heavily wounded.
The ice beast hits you but does no damage.
You hit the ice beast but do no damage.
The ice beast is heavily wounded.
You smack the ice beast!
The ice beast is almost dead.
The ice beast hits you.
* * * LOW HITPOINT WARNING * * *
The ice beast freezes you!
* * * LOW HITPOINT WARNING * * *
You hit the ice beast.
The ice beast is almost dead.
The ice beast hits you.
* * * LOW HITPOINT WARNING * * *
The ice beast freezes you!
You die...

#.# ..# #.# #.##.# #.#
#.##.# ## #.# #.##.# ..
#.# #.##.. ## #.#
#.##.# #.# ##.##.#
#.######## ##Y..#.####
#........####♣###.....#
### ########......#
#...#.### ...
######.###...#...######
##....#####)..)..o
####...#...######
###.#.### #...# #####


You could see an ice beast.

Vanquished Creatures
  An orc wizard (D:2)
  An adder (D:2)
  2 worms
  A dart slug (D:1)
  7 orcs
  2 ball pythons
  7 endoplasms
  A goblin (D:2)
  8 hobgoblins
  3 jackals (D:3)
  4 quokkas
  3 bats
  4 frilled lizards (D:1)
  6 kobolds
  2 rats (D:2)
52 creatures vanquished.

Notes
Turn   | Place    | Note
-------+----------+-------------------------------------------
     0 | D:1      | Woods the Naga Transmuter began the quest for the Orb.
     0 | D:1      | Reached XP level 1. HP: 18/18 MP: 3/3
   402 | D:1      | Reached XP level 2. HP: 25/25 MP: 5/5
   554 | D:1      | You fall into a shaft and drop 1 floor!
   579 | D:2      | Reached XP level 3. HP: 28/32 MP: 6/6
  1686 | D:2      | Found a runed translucent door.
  1687 | D:2      | Noticed Crazy Yiuf
  2003 | D:2      | Reached skill level 4 in Unarmed Combat
  2003 | D:2      | Reached XP level 4. HP: 38/40 MP: 5/7
  3058 | D:3      | Noticed an ice beast
  3090 | D:3      | Mangled by an ice beast

Illustrated notes

Levels and vault maps discovered:
D:1:      dpeg_cavernosity, layout_basic
D:2:      layout_loops_ring, uniq_crazy_yiuf_cottage
D:3:      layout_loops_ring

Skill      XL: |  1  2  3  4 |
---------------+-------------+-----
Fighting       | 2 3 |  3.1
Unarmed Combat | 4 |  4.3
Dodging        | |  1.5
Spellcasting   | |  2.0
Transmutations | |  2.0

Action                     |  1- 3 |  4- 6 || total
---------------------------+-------+-------++-------
  Melee: Unarmed           |   143 |    75 ||   218
         Headbutt          |     8 |     5 ||    13
         Punch             |     3 |     4 ||     7
   Cast: Beastly Appendage |    10 |     5 ||    15
Ability: Spit Poison       |     1 |     7 ||     8
    Use: Potion            |       |     1 ||     1
 Armour: Robe              |     3 |       ||     3
         Scale mail        |    57 |    68 ||   125
         Skin              |       |     6 ||     6
  Dodge: Dodged            |    58 |    33 ||    91
